cohdb
Replays
Latest Replays
All Replays
Popular Replays
Top Player Replays
Match Explorer
How It Works
Community
CoH3 Stats
Reddit
Sign in to upload your games and track your stats! →
Sign in with Steam
Match 40813102
Unlisted
Match 40813102
Overview
Messages
Build Orders
End
Vickers Machine Gun Team
Selects Air and Sea Battlegroup
Royal Engineer Section
Construct Section Command Post
Infantry Section
Construct Field Infirmary
Vickers Machine Gun Team
Grenade Package
Construct Platoon Command Post
Selects Commando Section Paradrop
Selects M1 Pack Howitzer Paradrop
Commando Section Paradrop
Vickers Machine Gun Team
Selects Naval Blockade
Selects UNKNOWN (223837)
Naval Blockade
Mr.Engineer
MaYoR
marogaeth
iOlord
Ingrimmnsch
Para_Dilshan
0
0
Comments
sign in to comment!
No comments posted yet!